[Event "4th Baskent University Open 2019"]
[Site "Ankara"]
[Date "2019.06.19"]
[Round "4"]
[White "Pacher, Milan"]
[Black "Yilmaz, Goktan"]
[Result "0-1"]
[ECO "B90"]
[WhiteElo "2434"]
[BlackElo "2155"]
[Annotator "NA"]
[PlyCount "134"]
[EventDate "2019.06.18"]
[EventType "swiss"]
[EventCountry "TUR"]
[SourceTitle "playchess.com"]
[Source "ChessBase"]
[SourceQuality "1"]
[TimeControl "5400+30"]

1. e4 c5 2. Nf3 d6 3. d4 cxd4 4. Nxd4 Nf6 5. Nc3 a6 6. a3 e5 7. Nf5 d5 8. Bg5 d4 9. Bxf6 gxf6 10. Nb1 Bxf5 11. exf5 Qd5 12. Qf3 Qxf3 13. gxf3 Bh6 14. Nd2 Nd7 15. Ne4 Ke7 16. Bd3 Rhc8 17. c4 Nc5 18. Nxc5 Rxc5 19. b4 Rc7 20. c5 Rb8 21. Be4 b6 22. c6 d3 23. a4 Rd8 24. b5 a5 25. Ra3 d2+ 26. Ke2 Rd4 27. Rha1 Rc8 28. Rd3 Rcd8 29. Raa3 Rc4 30. c7 Rc8 31. Bc6 Rc1 32. Rd7+ Kf8 33. f4 Bxf4 34. Rad3 Kg7 35. Kf3 Rxc7 36. Rxc7 Rc3 37. Rxc3 d1=Q+ 38. Kg2 Qg4+ 39. Kf1 Qd1+ 40. Kg2 Qg4+ 41. Kf1 e4 42. Re7 Qd1+ 43. Kg2 Qg4+ 44. Kf1 e3 45. fxe3 Qd1+ 46. Kf2 Qd2+ 47. Kf3 Qxc3 48. Kxf4 Qb4+ 49. Re4 Qd6+ 50. Kf3 Qxh2 51. Rg4+ Kf8 52. Rd4 h5 53. Rd7 Qh3+ 54. Ke2 Qxf5 55. Rb7 Qc5 56. e4 f5 57. Bd5 fxe4 58. Rxf7+ Ke8 59. Rf5 Qc2+ 60. Ke3 h4 61. Bxe4 Qb3+ 62. Kd4 Qxa4+ 63. Ke5 Qxb5+ 64. Kf6 Qb4 65. Bd5 Kd7 66. Ke5 Qc3+ 67. Ke4 Kd6 0-1

[Event "4th Baskent University Open 2019"]
[Site "Ankara"]
[Date "2019.06.19"]
[Round "4"]
[White "Bagaturov, Giorgi"]
[Black "Guliev, Logman"]
[Result "1-0"]
[ECO "E06"]
[WhiteElo "2422"]
[BlackElo "2320"]
[Annotator "NA"]
[PlyCount "123"]
[EventDate "2019.06.18"]
[EventType "swiss"]
[EventCountry "TUR"]
[SourceTitle "playchess.com"]
[Source "ChessBase"]
[SourceQuality "1"]
[TimeControl "5400+30"]

1. c4 e6 2. Nf3 Nf6 3. g3 d5 4. Bg2 Be7 5. O-O O-O 6. d4 c6 7. Qc2 b6 8. b3 a5 9. Rd1 Na6 10. Nc3 Bb7 11. Bb2 Rc8 12. e4 b5 13. e5 Nd7 14. c5 f6 15. exf6 Bxf6 16. Ne2 Qe8 17. Re1 g5 18. h3 Nb4 19. Qd2 Qg6 20. Red1 Rf7 21. a3 Na6 22. Nc1 Nc7 23. Nd3 Ra8 24. Re1 h6 25. Re3 a4 26. b4 Raf8 27. Rae1 Bg7 28. Qe2 Bc8 29. Nh2 Bf6 30. Bf3 Qg7 31. Bh5 Re7 32. Ne5 Bxe5 33. dxe5 Qh7 34. Ng4 Ne8 35. Bxe8 Rexe8 36. Nf6+ Nxf6 37. exf6 Qg6 38. Be5 Rd8 39. Rd1 Bd7 40. Kg2 Be8 41. Bd6 Rxd6 42. cxd6 Rxf6 43. Re5 Qf7 44. Rd4 Qd7 45. h4 gxh4 46. Rxh4 Qxd6 47. Qe3 Kg7 48. Qa7+ Bf7 49. Qd4 Kf8 50. Reh5 Ke7 51. Rxh6 Rf5 52. Rh8 e5 53. Qa7+ Qd7 54. Qb8 d4 55. Qf8+ Ke6 56. R8h6+ Rf6 57. Rxf6+ Kxf6 58. Rh6+ Kf5 59. Rd6 Qe8 60. Qh6 Bg8 61. Qf6+ Kg4 62. f3+ 1-0

[Event "4th Baskent University Open 2019"]
[Site "Ankara"]
[Date "2019.06.19"]
[Round "4"]
[White "Odeev, Handszar"]
[Black "Aydincelebi, Kagan"]
[Result "1-0"]
[ECO "B23"]
[WhiteElo "2386"]
[BlackElo "2258"]
[Annotator "NA"]
[PlyCount "61"]
[EventDate "2019.06.18"]
[EventType "swiss"]
[EventCountry "TUR"]
[SourceTitle "playchess.com"]
[Source "ChessBase"]
[SourceQuality "1"]
[TimeControl "5400+30"]

1. e4 c5 2. Nc3 Nc6 3. Nge2 d6 4. h3 e5 5. d3 g6 6. Be3 Bg7 7. Qd2 h5 8. Nd5 Be6 9. Nec3 Nd4 10. Be2 Qd7 11. O-O Ne7 12. Nxe7 Qxe7 13. f4 exf4 14. Bxf4 Be5 15. Rac1 Qh4 16. Rf2 f6 17. Rcf1 g5 18. Bxe5 fxe5 19. Bd1 g4 20. Qe3 gxh3 21. g3 Qe7 22. Nd5 Qg7 23. c3 Nc6 24. Bxh5+ Kd8 25. Rf6 h2+ 26. Kh1 Rxh5 27. Rf8+ Kd7 28. Nf6+ Ke7 29. Rxa8 Rh8 30. Rxh8 Qxh8 31. Qg5 1-0

[Event "4th Baskent University Open 2019"]
[Site "Ankara"]
[Date "2019.06.19"]
[Round "4"]
[White "Gunduz, Umut Erdem"]
[Black "Mammadov, Zaur"]
[Result "0-1"]
[ECO "C01"]
[WhiteElo "2302"]
[BlackElo "2428"]
[Annotator "NA"]
[PlyCount "76"]
[EventDate "2019.06.18"]
[EventType "swiss"]
[EventCountry "TUR"]
[SourceTitle "playchess.com"]
[Source "ChessBase"]
[SourceQuality "1"]
[TimeControl "5400+30"]

1. e4 e6 2. d4 d5 3. Nc3 Bb4 4. exd5 exd5 5. Bd3 Ne7 6. Nge2 O-O 7. a3 Ba5 8. b4 Bb6 9. Na4 Bg4 10. f3 Bf5 11. O-O Re8 12. c3 Bxd3 13. Qxd3 Nd7 14. Bg5 Ne5 15. Qc2 Nc4 16. Nb2 Nd6 17. Ng3 Qd7 18. Rfe1 Ng6 19. Be3 a5 20. Bf2 Rxe1+ 21. Rxe1 Qc6 22. Qd3 Nf4 23. Qd2 Ne6 24. f4 axb4 25. axb4 Ra2 26. Qc1 Nb5 27. f5 Nf8 28. Nd1 Bxd4 29. Bxd4 Nxd4 30. Qg5 h6 31. Qd8 Nb5 32. Re8 Qd6 33. Qh4 Ra1 34. Qg4 Nxc3 35. Re1 Qb6+ 36. Kh1 Qf2 37. Rf1 Nxd1 38. Rxd1 Qe1+ 0-1

[Event "4th Baskent University Open 2019"]
[Site "Ankara"]
[Date "2019.06.19"]
[Round "4"]
[White "Guseynov, Alihan"]
[Black "Gokbulut, Julia"]
[Result "1-0"]
[ECO "E74"]
[WhiteElo "2274"]
[BlackElo "2058"]
[Annotator "NA"]
[PlyCount "73"]
[EventDate "2019.06.18"]
[EventType "swiss"]
[EventCountry "TUR"]
[SourceTitle "playchess.com"]
[Source "ChessBase"]
[SourceQuality "1"]
[TimeControl "5400+30"]

1. d4 Nf6 2. c4 g6 3. Nc3 Bg7 4. e4 d6 5. Be2 O-O 6. Bg5 Nbd7 7. Qd2 c5 8. d5 Qa5 9. Nf3 a6 10. O-O Re8 11. a4 Nf8 12. h3 Bd7 13. e5 dxe5 14. Nxe5 Bf5 15. Rad1 Rad8 16. Qe3 Qb6 17. Rd2 h5 18. Rfd1 N6h7 19. Bh6 Bxh6 20. Qxh6 Qf6 21. Qe3 h4 22. f4 g5 23. Rf1 Ng6 24. fxg5 Nxg5 25. Ng4 Bxg4 26. Rxf6 exf6 27. Qxc5 Bxe2 28. Rxe2 Nf4 29. Rxe8+ Rxe8 30. Qd4 Nh5 31. Qxh4 Ng7 32. Qf2 f5 33. d6 Ne4 34. Nxe4 fxe4 35. Qh4 Ne6 36. Qxe4 Rd8 37. c5 1-0

[Event "4th Baskent University Open 2019"]
[Site "Ankara"]
[Date "2019.06.19"]
[Round "4"]
[White "Ozenir, Ekin Baris"]
[Black "Nikcevic, Nebojsa"]
[Result "0-1"]
[ECO "A45"]
[WhiteElo "2250"]
[BlackElo "2420"]
[Annotator "NA"]
[PlyCount "72"]
[EventDate "2019.06.18"]
[EventType "swiss"]
[EventCountry "TUR"]
[SourceTitle "playchess.com"]
[Source "ChessBase"]
[SourceQuality "1"]
[TimeControl "5400+30"]

1. d4 Nf6 2. Bg5 Ne4 3. h4 c5 4. d5 Nxg5 5. hxg5 g6 6. c3 e5 7. dxe6 dxe6 8. Qc1 Bd7 9. e4 Bg7 10. Na3 Bc6 11. Qe3 Nd7 12. O-O-O Qa5 13. Kb1 Qa4 14. Re1 b5 15. Nc2 Rb8 16. f4 O-O 17. b3 Qa5 18. e5 Rfd8 19. Rh3 Bd5 20. Ne2 Qc7 21. Ng3 c4 22. b4 Nb6 23. Nd4 a5 24. Nxb5 Qd7 25. Nd4 Na4 26. Nc2 Bf8 27. a3 Bc5 28. Ne4 Bxe4 29. Qxe4 Nxc3+ 30. Rxc3 axb4 31. Rxc4 bxa3+ 32. Nb4 Qd2 33. Re2 a2+ 34. Ka1 Qd1+ 35. Kxa2 Qa4+ 36. Kb2 Bxb4 0-1

[Event "4th Baskent University Open 2019"]
[Site "Ankara"]
[Date "2019.06.19"]
[Round "4"]
[White "Gulbeyaz, Emir"]
[Black "Can, Isik"]
[Result "1/2-1/2"]
[ECO "C54"]
[WhiteElo "2157"]
[BlackElo "2379"]
[Annotator "NA"]
[PlyCount "73"]
[EventDate "2019.06.18"]
[EventType "swiss"]
[EventCountry "TUR"]
[SourceTitle "playchess.com"]
[Source "ChessBase"]
[SourceQuality "1"]
[TimeControl "5400+30"]

1. e4 e5 2. Nf3 Nc6 3. Bc4 Bc5 4. O-O Nf6 5. c3 Nxe4 6. d4 d5 7. dxc5 dxc4 8. Qe2 Qd3 9. Re1 Qxe2 10. Rxe2 Bf5 11. Nbd2 Nxd2 12. Nxe5 O-O-O 13. Nxc6 Nb3 14. Nxd8 Rxd8 15. Bg5 Nxa1 16. Bxd8 Kxd8 17. Re5 Bd3 18. c6 bxc6 19. f3 f5 20. Kf2 g5 21. g3 Kd7 22. Ra5 Kd6 23. Rxa7 f4 24. Ra5 c5 25. Ra6+ c6 26. Ra7 Nc2 27. gxf4 gxf4 28. a4 Ne3 29. a5 Nd5 30. Rb7 Nc7 31. Rb6 Nd5 32. Rb7 Nc7 33. Rb8 Nb5 34. a6 Kc7 35. Rb7+ Kc8 36. Rf7 Kb8 37. Rb7+ 1/2-1/2

[Event "4th Baskent University Open 2019"]
[Site "Ankara"]
[Date "2019.06.19"]
[Round "4"]
[White "Buker, Muhittin"]
[Black "Babayev, Talib"]
[Result "0-1"]
[ECO "E98"]
[WhiteElo "1991"]
[BlackElo "2290"]
[Annotator "NA"]
[PlyCount "86"]
[EventDate "2019.06.18"]
[EventType "swiss"]
[EventCountry "TUR"]
[SourceTitle "playchess.com"]
[Source "ChessBase"]
[SourceQuality "1"]
[TimeControl "5400+30"]

1. d4 Nf6 2. c4 g6 3. Nc3 Bg7 4. e4 d6 5. Nf3 O-O 6. Be2 e5 7. O-O Nc6 8. d5 Ne7 9. Ne1 Nd7 10. Nd3 f5 11. Bd2 Kh8 12. a4 a5 13. f3 f4 14. Nb5 g5 15. b4 Ng6 16. c5 Nf6 17. cxd6 cxd6 18. Nf2 Rf7 19. Qc2 Bf8 20. Rfc1 Ne8 21. bxa5 h5 22. h3 Rg7 23. Ra3 Nh4 24. Rc3 Bd7 25. Qd1 Qxa5 26. Ra3 Qd8 27. Bb4 g4 28. hxg4 Qg5 29. a5 hxg4 30. fxg4 f3 31. gxf3 Qf4 32. Nh1 Rh7 33. Rc2 Ng2 34. Nf2 Qg3 35. Kf1 Rh2 36. Bc4 Nf4 37. Nc3 Rc8 38. Bd3 Bh6 39. a6 bxa6 40. Bxa6 Qg2+ 41. Ke1 Qg1+ 42. Bf1 Ng2+ 43. Ke2 Ne3 0-1

[Event "4th Baskent University Open 2019"]
[Site "Ankara"]
[Date "2019.06.19"]
[Round "4"]
[White "Sumer, Gun"]
[Black "Olcum, Ahmet"]
[Result "0-1"]
[ECO "C41"]
[WhiteElo "1969"]
[BlackElo "2315"]
[Annotator "NA"]
[PlyCount "96"]
[EventDate "2019.06.18"]
[EventType "swiss"]
[EventCountry "TUR"]
[SourceTitle "playchess.com"]
[Source "ChessBase"]
[SourceQuality "1"]
[TimeControl "5400+30"]

1. e4 d6 2. d4 Nf6 3. Nc3 e5 4. Nf3 Nbd7 5. Bc4 Be7 6. O-O c6 7. a4 h6 8. Re1 Qc7 9. b3 Nf8 10. a5 Bg4 11. Be3 Ng6 12. Be2 O-O 13. h3 Be6 14. Qd3 Rfd8 15. d5 cxd5 16. exd5 Bd7 17. Nd2 Rdc8 18. Nc4 Nh7 19. Bg4 Rf8 20. Bxd7 Qxd7 21. Ne2 f5 22. f4 Bf6 23. Rad1 Kh8 24. Rf1 Ne7 25. Qd2 g5 26. fxe5 dxe5 27. Bc5 f4 28. Nc3 Bg7 29. Qe2 Rfe8 30. Nxe5 Qc7 31. Bd4 Nf5 32. d6 Nxd6 33. Nd5 Qxa5 34. Ng6+ Kg8 35. Nde7+ Kf7 36. Bxg7 Kxg7 37. Rxd6 Qc5+ 38. Kh1 Qxd6 39. Nf5+ Kxg6 40. Qxe8+ Rxe8 41. Nxd6 Re7 42. Nc8 Rc7 43. Nxa7 Rxc2 44. Rd1 Nf6 45. Nb5 Rb2 46. Nd4 Ne4 47. Rc1 Ng3+ 48. Kg1 Rd2 0-1

[Event "4th Baskent University Open 2019"]
[Site "Ankara"]
[Date "2019.06.19"]
[Round "4"]
[White "Ibik, Halit Yavuz"]
[Black "Guven, Oguz Kagan"]
[Result "0-1"]
[ECO "B53"]
[WhiteElo "1942"]
[BlackElo "2095"]
[Annotator "NA"]
[PlyCount "72"]
[EventDate "2019.06.18"]
[EventType "swiss"]
[EventCountry "TUR"]
[SourceTitle "playchess.com"]
[Source "ChessBase"]
[SourceQuality "1"]
[TimeControl "5400+30"]

1. e4 c5 2. Nf3 d6 3. d4 cxd4 4. Qxd4 Nc6 5. Bb5 Bd7 6. Bxc6 Bxc6 7. Nc3 h6 8. Qd3 Nf6 9. Nd4 e6 10. Bd2 Be7 11. O-O-O Rc8 12. f4 Nd7 13. f5 e5 14. Nb3 a5 15. Be3 O-O 16. Nd2 Qc7 17. Kb1 b5 18. g4 b4 19. Nd5 Bxd5 20. exd5 Rfe8 21. Ne4 Nf6 22. g5 Nxe4 23. Qxe4 Bxg5 24. Bxg5 hxg5 25. f6 Qc4 26. Qg2 Qh4 27. Rd3 Rc4 28. Rg1 gxf6 29. Rh3 Qe4 30. Qf2 Rec8 31. Rh8+ Kxh8 32. Qxf6+ Kh7 33. Qxf7+ Kh6 34. Qe6+ Qg6 35. Qh3+ Kg7 36. Qd7+ Kg8 0-1

[Event "4th Baskent University Open 2019"]
[Site "Ankara"]
[Date "2019.06.19"]
[Round "4"]
[White "Sakalli, Mustafa"]
[Black "Mohannad, Farhan"]
[Result "0-1"]
[ECO "A26"]
[WhiteElo "1916"]
[BlackElo "2193"]
[Annotator "NA"]
[PlyCount "80"]
[EventDate "2019.06.18"]
[EventType "swiss"]
[EventCountry "TUR"]
[SourceTitle "playchess.com"]
[Source "ChessBase"]
[SourceQuality "1"]
[TimeControl "5400+30"]

1. c4 e5 2. Nc3 d6 3. g3 g6 4. Bg2 Bg7 5. Nf3 Nc6 6. O-O f5 7. d3 Nf6 8. Rb1 a5 9. a3 O-O 10. b4 axb4 11. axb4 h6 12. Bd2 g5 13. e3 Ne7 14. Qc2 Ng6 15. Ra1 Be6 16. b5 Qd7 17. Rfb1 d5 18. cxd5 Nxd5 19. Ne1 Nge7 20. e4 Nxc3 21. Bxc3 f4 22. Qb2 Rxa1 23. Rxa1 Ng6 24. b6 c5 25. Ra7 Rf7 26. Ra5 c4 27. Bf1 f3 28. dxc4 Qc6 29. Rd5 Bxd5 30. cxd5 Qa4 31. Bb5 Qd1 32. Qc2 Qxc2 33. Nxc2 Rf6 34. Ba5 Bf8 35. Bd7 Bc5 36. Be6+ Kg7 37. Ne3 Bxe3 38. fxe3 Rxe6 39. dxe6 g4 40. h4 h5 0-1

[Event "4th Baskent University Open 2019"]
[Site "Ankara"]
[Date "2019.06.19"]
[Round "4"]
[White "Sariali, Furkan Anil"]
[Black "Ozen, Sadettin Alperen"]
[Result "1-0"]
[ECO "A05"]
[WhiteElo "1749"]
[BlackElo "1554"]
[Annotator "NA"]
[PlyCount "118"]
[EventDate "2019.06.18"]
[EventType "swiss"]
[EventCountry "TUR"]
[SourceTitle "playchess.com"]
[Source "ChessBase"]
[SourceQuality "1"]
[TimeControl "5400+30"]

1. Nf3 Nf6 2. g3 g6 3. b3 Bg7 4. Bb2 d5 5. Bg2 c5 6. d4 Ne4 7. O-O Nc6 8. e3 Bg4 9. h3 Bxf3 10. Bxf3 cxd4 11. exd4 Qb6 12. c3 O-O 13. Nd2 f5 14. Nxe4 fxe4 15. Bg2 Qc7 16. Qd2 e6 17. Kh2 Ne7 18. Ba3 Nf5 19. Bxf8 Rxf8 20. f4 Bh6 21. Rae1 g5 22. Kg1 Nxg3 23. fxg5 Nxf1 24. Rxf1 Rxf1+ 25. Kxf1 Bg7 26. Qe3 e5 27. dxe5 Bxe5 28. c4 dxc4 29. Bxe4 c3 30. Qd3 Qe7 31. Bd5+ Kg7 32. Qf5 Qf8 33. Qxf8+ Kxf8 34. Ke2 Kg7 35. Bxb7 Bf4 36. Kd3 Bxg5 37. Kxc3 Kf6 38. Kc4 Ke5 39. a4 Kf4 40. a5 Kg3 41. Bc8 h5 42. b4 Be3 43. b5 Kf4 44. Kd5 Kg5 45. Kc6 h4 46. b6 Bxb6 47. axb6 axb6 48. Kxb6 Kh6 49. Kc5 Kg7 50. Kd5 Kh8 51. Ke5 Kg7 52. Kf5 Kh8 53. Kg4 Kg7 54. Kxh4 Kh8 55. Kh5 Kh7 56. Bf5+ Kg7 57. Kg5 Kh8 58. h4 Kg7 59. h5 Kh8 1-0

[Event "4th Baskent University Open 2019"]
[Site "Ankara"]
[Date "2019.06.19"]
[Round "4"]
[White "Ozbag, Berat"]
[Black "Kurt, Murat"]
[Result "1-0"]
[ECO "B18"]
[WhiteElo "1666"]
[BlackElo "1559"]
[Annotator "NA"]
[PlyCount "71"]
[EventDate "2019.06.18"]
[EventType "swiss"]
[EventCountry "TUR"]
[SourceTitle "playchess.com"]
[Source "ChessBase"]
[SourceQuality "1"]
[TimeControl "5400+30"]

1. e4 c6 2. d4 d5 3. Nd2 dxe4 4. Nxe4 Bf5 5. Ng3 Bg6 6. h4 h6 7. N1e2 Nf6 8. Nf4 Bh7 9. Bc4 Nd5 10. Qe2 Nxf4 11. Bxf4 e6 12. O-O-O Be7 13. Nh5 Bf6 14. Qg4 Kf8 15. Be5 Bg6 16. Nxf6 gxf6 17. Bf4 h5 18. Qg3 Kg7 19. Qe3 Nd7 20. g4 Nb6 21. Be2 Nd5 22. Qg3 Nxf4 23. Qxf4 Qd5 24. gxh5 Qe4 25. Qd2 Bxh5 26. Rhg1+ Bg6 27. h5 Qd5 28. hxg6 fxg6 29. Qd3 f5 30. Qg3 Rh6 31. b3 Qa5 32. Kb1 Rah8 33. Bc4 b5 34. Qe5+ Kh7 35. Qxe6 Qc7 36. Bd3 1-0

[Event "4th Baskent University Open 2019"]
[Site "Ankara"]
[Date "2019.06.19"]
[Round "4"]
[White "Taban, Yagiz"]
[Black "Gultekin, Celal"]
[Result "1-0"]
[ECO "A06"]
[WhiteElo "1654"]
[BlackElo "1533"]
[Annotator "NA"]
[PlyCount "105"]
[EventDate "2019.06.18"]
[EventType "swiss"]
[EventCountry "TUR"]
[SourceTitle "playchess.com"]
[Source "ChessBase"]
[SourceQuality "1"]
[TimeControl "5400+30"]

1. Nf3 d5 2. b3 Nf6 3. Bb2 g6 4. g3 Bg7 5. d3 O-O 6. Nbd2 c5 7. Bg2 Nc6 8. e4 d4 9. a4 e5 10. Nc4 Ne8 11. O-O Nd6 12. Ba3 Nxc4 13. dxc4 b6 14. Ne1 a5 15. Nd3 Ra7 16. f4 f6 17. Bc1 Nb4 18. Bd2 Nxd3 19. cxd3 Raf7 20. f5 gxf5 21. Qh5 Qe8 22. exf5 Bb7 23. Rae1 Re7 24. Qxe8 Rfxe8 25. Bxb7 Rxb7 26. Re4 Bf8 27. Rfe1 Ree7 28. Kf2 h5 29. h3 Rh7 30. Rh4 Rbg7 31. Rh1 Bd6 32. g4 hxg4 33. hxg4 Rxh4 34. Rxh4 Rh7 35. Rxh7 Kxh7 36. g5 fxg5 37. Bxg5 Kg7 38. Kf3 Kf7 39. Bd8 Be7 40. Bxb6 Kf6 41. Ke4 Bf8 42. Bxa5 Bd6 43. Bd8+ Kf7 44. Kd5 Bb8 45. Kxc5 Ke8 46. Bb6 Ke7 47. a5 Kf6 48. a6 Kxf5 49. a7 Bxa7 50. Bxa7 Kf4 51. Kd5 e4 52. Bxd4 exd3 53. Bc3 1-0

[Event "4th Baskent University Open 2019"]
[Site "Ankara"]
[Date "2019.06.19"]
[Round "4"]
[White "Celik, Meric"]
[Black "Odabasi, Nail"]
[Result "1-0"]
[ECO "B01"]
[WhiteElo "1650"]
[BlackElo "1443"]
[Annotator "NA"]
[PlyCount "93"]
[EventDate "2019.06.18"]
[EventType "swiss"]
[EventCountry "TUR"]
[SourceTitle "playchess.com"]
[Source "ChessBase"]
[SourceQuality "1"]
[TimeControl "5400+30"]

1. e4 d5 2. exd5 Nf6 3. Bb5+ Bd7 4. Be2 Nxd5 5. d4 g6 6. Nf3 Bg7 7. c4 Nb6 8. Nc3 c6 9. c5 Nd5 10. Qb3 Nxc3 11. bxc3 Bc8 12. Bc4 O-O 13. Bf4 Nd7 14. O-O Nf6 15. a4 e6 16. a5 a6 17. Rfe1 Nd5 18. Bd6 Re8 19. Qc2 Ne7 20. Bf4 Nf5 21. Qe4 h6 22. h3 Ne7 23. Qe3 g5 24. Bh2 Nd5 25. Qd2 Bd7 26. Ne5 Re7 27. Bb3 Be8 28. Bc2 f5 29. Nc4 Bf7 30. Bd6 Rd7 31. Reb1 Bg6 32. Bd3 Qe8 33. Be5 Bxe5 34. Nxe5 Rg7 35. Nc4 Rb8 36. Nd6 Qf8 37. Rb3 Rd7 38. Qb2 Rxd6 39. cxd6 Qxd6 40. Rxb7 Rxb7 41. Qxb7 Nxc3 42. Qb6 e5 43. Bxa6 Qxd4 44. Qxd4 exd4 45. Bd3 Kf7 46. a6 Nb5 47. Bxb5 1-0

[Event "4th Baskent University Open 2019"]
[Site "Ankara"]
[Date "2019.06.19"]
[Round "4"]
[White "Sinay, Ahmet"]
[Black "Sahin, Arda"]
[Result "0-1"]
[ECO "B22"]
[WhiteElo "1636"]
[BlackElo "1710"]
[Annotator "NA"]
[PlyCount "30"]
[EventDate "2019.06.18"]
[EventType "swiss"]
[EventCountry "TUR"]
[SourceTitle "playchess.com"]
[Source "ChessBase"]
[SourceQuality "1"]
[TimeControl "5400+30"]

1. e4 c5 2. c3 Nf6 3. e5 Nd5 4. d4 cxd4 5. cxd4 d6 6. exd6 Qxd6 7. Nc3 Nc6 8. Qb3 Be6 9. Bc4 Nxd4 10. Qxb7 Rb8 11. Qxa7 Nxc3 12. Bd3 Ncb5 13. Qa4 Bd7 14. Be3 e5 15. Rd1 Nc3 0-1

[Event "4th Baskent University Open 2019"]
[Site "Ankara"]
[Date "2019.06.19"]
[Round "4"]
[White "Yilmaz, Hasan"]
[Black "Dolek, Gokalp Deniz"]
[Result "1-0"]
[ECO "E91"]
[WhiteElo "1600"]
[BlackElo "1352"]
[Annotator "NA"]
[PlyCount "71"]
[EventDate "2019.06.18"]
[EventType "swiss"]
[EventCountry "TUR"]
[SourceTitle "playchess.com"]
[Source "ChessBase"]
[SourceQuality "1"]
[TimeControl "5400+30"]

1. d4 Nf6 2. Nf3 g6 3. c4 Bg7 4. Nc3 d6 5. e4 O-O 6. Be2 Nc6 7. d5 Nb8 8. h3 e5 9. Be3 Nbd7 10. Qd2 Ne8 11. g4 a5 12. h4 Nc5 13. h5 Bxg4 14. hxg6 fxg6 15. Ng5 Bxe2 16. Qxe2 h6 17. Ne6 Nxe6 18. dxe6 Qf6 19. Qg4 h5 20. Qh3 c6 21. O-O-O Kh7 22. c5 Nc7 23. e7 Rfe8 24. cxd6 Ne6 25. Bb6 Nd4 26. d7 Rxe7 27. d8=Q Rxd8 28. Bxd8 Qxf2 29. Rxd4 exd4 30. Rf1 Bh6+ 31. Kb1 Qd2 32. Bxe7 d3 33. Qd7 Qc2+ 34. Ka1 Bc1 35. Bg5+ Kg8 36. Qe8+ 1-0

[Event "4th Baskent University Open 2019"]
[Site "Ankara"]
[Date "2019.06.19"]
[Round "4"]
[White "Keseroglu, Yigit Can"]
[Black "Cevizci, Yusuf Baran"]
[Result "1-0"]
[ECO "D20"]
[WhiteElo "1559"]
[BlackElo "1670"]
[Annotator "NA"]
[PlyCount "67"]
[EventDate "2019.06.18"]
[EventType "swiss"]
[EventCountry "TUR"]
[SourceTitle "playchess.com"]
[Source "ChessBase"]
[SourceQuality "1"]
[TimeControl "5400+30"]

1. d4 d5 2. c4 dxc4 3. Nc3 Nf6 4. e4 e6 5. a3 a6 6. Bxc4 b5 7. Bd3 Bb7 8. b4 Nbd7 9. Nf3 Be7 10. Bf4 c6 11. O-O a5 12. Qb3 Nh5 13. Be3 a4 14. Qa2 Rb8 15. Rfd1 Qc7 16. Rac1 Qd8 17. d5 exd5 18. exd5 O-O 19. Bf5 c5 20. d6 Bf6 21. bxc5 Bxf3 22. gxf3 Bxc3 23. Rxc3 Ne5 24. Qd5 Qf6 25. Bg4 Nxg4 26. fxg4 Qxc3 27. gxh5 b4 28. d7 Qf6 29. Bg5 Qe6 30. Qxe6 fxe6 31. axb4 a3 32. Be7 Rf4 33. c6 Rc4 34. Bc5 1-0

[Event "4th Baskent University Open 2019"]
[Site "Ankara"]
[Date "2019.06.19"]
[Round "4"]
[White "Yilmaz, Umut Candas"]
[Black "Elma, Muge"]
[Result "0-1"]
[ECO "B50"]
[WhiteElo "1542"]
[BlackElo "1618"]
[Annotator "NA"]
[PlyCount "162"]
[EventDate "2019.06.18"]
[EventType "swiss"]
[EventCountry "TUR"]
[SourceTitle "playchess.com"]
[Source "ChessBase"]
[SourceQuality "1"]
[TimeControl "5400+30"]

1. e4 c5 2. Nf3 d6 3. c4 Nf6 4. Nc3 g6 5. d3 Bg7 6. h3 Nc6 7. Be3 O-O 8. Be2 a6 9. O-O Rb8 10. a4 Re8 11. Ng5 Nd4 12. Bxd4 cxd4 13. Nb1 h6 14. Nf3 Qb6 15. Ra2 Nd7 16. a5 Qc5 17. Qd2 b5 18. b4 Qa7 19. cxb5 Rxb5 20. Na3 Rb7 21. Rc2 Rc7 22. Rfc1 Rxc2 23. Rxc2 Qb8 24. Nc4 Bb7 25. Ne1 d5 26. exd5 Bxd5 27. Bf3 Bxf3 28. Nxf3 Qb5 29. Qe1 Qd5 30. Nfd2 Kh7 31. Qe4 Nf6 32. Qe5 Qxe5 33. Nxe5 Nd5 34. Nc6 Nf4 35. b5 axb5 36. Nb4 Ne2+ 37. Kf1 Nc3 38. Nb3 e5 39. Rc1 f5 40. a6 e4 41. a7 Ra8 42. Nc6 exd3 43. Ke1 h5 44. f4 b4 45. Kd2 Bh6 46. Kxd3 Bxf4 47. Ra1 Nb5 48. Ra5 Nc7 49. Nbxd4 Re8 50. Kc4 Bd6 51. Ra2 Rc8 52. Re2 Kh6 53. Nb5 Na8 54. Kd5 Bf8 55. Nbd4 Nb6+ 56. Ke6 Bg7 57. Kf7 Rf8+ 58. Ke7 Ra8 59. Ne6 Nc8+ 60. Kd7 b3 61. Re3 b2 62. Rb3 Nxa7 63. Nc7 Nxc6 64. Nxa8 Na5 65. Rb5 Nc4 66. Nc7 Na3 67. Rb3 b1=Q 68. Rxb1 Nxb1 69. Ne6 h4 70. Ke7 Be5 71. Kf7 Bd6 72. Kf6 Nd2 73. Nd4 Bg3 74. Ne2 Ne4+ 75. Ke6 Nc5+ 76. Kd5 Nd3 77. Kd4 Nf4 78. Nxg3 hxg3 79. Ke3 Nxg2+ 80. Kf3 Nh4+ 81. Kxg3 Kg5 0-1

[Event "4th Baskent University Open 2019"]
[Site "Ankara"]
[Date "2019.06.19"]
[Round "5"]
[White "Bernadskiy, Vitaliy"]
[Black "Nikcevic, Nebojsa"]
[Result "1-0"]
[ECO "C90"]
[WhiteElo "2578"]
[BlackElo "2420"]
[Annotator "ChessBase"]
[PlyCount "85"]
[EventDate "2019.06.18"]
[EventType "swiss"]
[EventCountry "TUR"]
[SourceTitle "playchess.com"]
[Source "ChessBase"]
[SourceQuality "1"]
[TimeControl "5400+30"]

1. e4 e5 2. Nf3 Nc6 3. Bb5 a6 4. Ba4 Nf6 5. O-O Be7 6. Re1 b5 7. Bb3 d6 8. c3 O-O 9. a4 b4 10. a5 Rb8 11. Bc4 bxc3 12. dxc3 Na7 13. b4 Bb7 14. Nbd2 Nb5 15. Qc2 Qc8 16. Bd3 c5 17. c4 Nd4 18. Nxd4 cxd4 19. Nf1 Bc6 20. Rb1 Qd7 21. Ng3 Ne8 22. f4 Nc7 23. Qe2 Bh4 24. f5 Bxg3 25. hxg3 f6 26. Kf2 g5 27. Bd2 Rb7 28. Rb2 Rfb8 29. Reb1 Kg7 30. Rh1 Rh8 31. Qh5 Qe8 32. Qh6+ Kf7 33. Rhb1 Qf8 34. Qh5+ Kg7 35. b5 Be8 36. Qe2 Bf7 37. b6 Ne8 38. Bb4 Qe7 39. Rc2 Qd7 40. c5 dxc5 41. Bxc5 Nc7 42. Rcb2 Qc6 43. Rc1 1-0

[Event "4th Baskent University Open 2019"]
[Site "Ankara"]
[Date "2019.06.19"]
[Round "5"]
[White "Iskandarov, Misratdin"]
[Black "Guseynov, Alihan"]
[Result "1/2-1/2"]
[ECO "B51"]
[WhiteElo "2502"]
[BlackElo "2274"]
[Annotator "ChessBase"]
[PlyCount "84"]
[EventDate "2019.06.18"]
[EventType "swiss"]
[EventCountry "TUR"]
[SourceTitle "playchess.com"]
[Source "ChessBase"]
[SourceQuality "1"]
[TimeControl "5400+30"]

1. e4 c5 2. Nf3 Nc6 3. Bb5 d6 4. O-O Bd7 5. Re1 Nf6 6. c3 a6 7. Bf1 Bg4 8. h3 Bxf3 9. Qxf3 g6 10. d3 Bg7 11. Be3 Nd7 12. Nd2 O-O 13. Qd1 b5 14. Nf3 b4 15. Qa4 Qc7 16. d4 Rfb8 17. d5 Na7 18. Bd2 Nb5 19. Rac1 bxc3 20. bxc3 c4 21. Qxc4 Qxc4 22. Bxc4 Rc8 23. Bf1 Nxc3 24. Re3 Nxa2 25. Rxc8+ Rxc8 26. Bxa6 Rc7 27. Bb5 Bh6 28. Ra3 Bxd2 29. Nxd2 Nb4 30. Ra4 Nc2 31. f3 Nc5 32. Ra2 Nb4 33. Ra3 Rb7 34. Bc4 Nc2 35. Ra2 Nd4 36. Kf2 Ndb3 37. Nf1 Nc1 38. Rc2 N1d3+ 39. Ke3 Ne5 40. Ba2 Ra7 41. Kd2 Kg7 42. Ne3 h5 1/2-1/2